 Dungeon Crawl Stone Soup version 0.25-a0-697-g890751e744 (webtiles) character file.

Game seed: 18435880840213980132, levelgen mode: deterministic

7 Esekla the Skirmisher (level 2, -3/25 HPs)
             Began as a Formicid Abyssal Knight on Mar 31, 2020.
             Was a Follower of Lugonu.
             Slain by an anaconda zombie (5 damage)
             ... on level 1 of the Abyss.
             The game lasted 00:01:23 (75 turns).

Esekla the Skirmisher (Formicid Abyssal Knight)       Turns: 75, Time: 00:01:24

Health: -3/25      AC:  3    Str: 16    XL:     2   Next: 10%
Magic:  3/3        EV:  8    Int: 11    God:    Lugonu [*.....]
Gold:   16         SH:  0    Dex: 10    Spells: 1/1 levels left

rFire    . . .     SeeInvis +   a - +1 falchion
rCold    . . .     Gourm    .   (no shield)
rNeg     . . .     Faith    .   b - +0 leather armour
rPois    .         Spirit   .   (helmet unavailable)
rElec    .         Reflect  .   (no cloak)
rCorr    .         Harm     .   (no gloves)
MR       .....                  (no boots)
Stlth    +.........             (no amulet)
HPRegen  0.08/turn              (no ring)
MPRegen  0.08/turn              (no ring)

@: constricted
A: permanent stasis, dig shafts and tunnels, four strong arms, antennae 3
a: Dig, Shaft Self, Depart the Abyss, Renounce Religion


You were on level 1 of the Abyss.
You worshipped Lugonu.
Lugonu was aware of your devotion.
You were not hungry.

You visited 0 branches of the dungeon, and saw 0 of its levels.
You visited the Abyss 1 time.

You collected 16 gold pieces.

Inventory:

Hand Weapons
 a - a +1 falchion (weapon)
Armour
 b - a +0 leather armour (worn)
Comestibles
 c - a ration


   Skills:
 * Level 3.7 Fighting
 + Level 2.0 Long Blades
 + Level 2.2 Armour
 + Level 0.9 Dodging
 + Level 2.2 Invocations


You had one spell level left.
You didn't know any spells.
Your spell library was empty.

Dungeon Overview and Level Annotations

Branches:
Dungeon (0/15)

Altars:


Innate Abilities, Weirdness & Mutations

You cannot be hasted, slowed, berserked, paralysed or teleported.
You can dig through walls and to a lower floor.
Your four strong arms can wield two-handed weapons with a shield.
You have a pair of large antennae on your head. (SInv)


Message History

You slash the ufetubus!
You kill the ufetubus!
The ufetubus barely misses you.
You riposte.
You hit the ufetubus.
The ufetubus is heavily wounded.
The ufetubus closely misses you.
You miss the ufetubus.
The ufetubus is heavily wounded.
The anaconda zombie grabs you. The anaconda zombie bites you.
* * * LOW HITPOINT WARNING * * *
The anaconda zombie constricts you. The ufetubus hits you.
* * * LOW HITPOINT WARNING * * *
The ufetubus hits you but does no damage.
The anaconda zombie completely misses you.
You riposte.
You barely miss the anaconda zombie.
* * * LOW HITPOINT WARNING * * *
The anaconda zombie constricts you. The ufetubus barely misses you. x2
You barely miss the ufetubus.
The ufetubus is heavily wounded.
The anaconda zombie bites you.
You die...

.#....##s# #
#..#.5#
#.#{### #.ยง##
##.## #..#
#.{. # # .
{######.#
####{##5@Z..#{
#.#.d#.#...#
###..### #...#
....# .#.
##.... .#.#..
#..####. ...
## #.#


You could see a black draconian, an ufetubus and an anaconda zombie.

Vanquished Creatures
  A shadow imp (Abyss:1)
1 creature vanquished.

Notes
Turn   | Place    | Note
-------+----------+-------------------------------------------
     0 | Abyss:1  | Esekla the Formicid Abyssal Knight began the quest for the
                  | Orb.
     0 | Abyss:1  | Reached XP level 1. HP: 18/18 MP: 2/2
    49 | Abyss:1  | Noticed a black draconian
    53 | Abyss:1  | Noticed a ynoxinul
    54 | Abyss:1  | Noticed a worldbinder
    56 | Abyss:1  | Noticed a tarantella
    56 | Abyss:1  | Noticed a jumping spider
    56 | Abyss:1  | Noticed an orb spider
    60 | Abyss:1  | Noticed a fire bat
    69 | Abyss:1  | Noticed an anaconda zombie
    73 | Abyss:1  | Reached XP level 2. HP: 15/25 MP: 3/3
    75 | Abyss:1  | Slain by an anaconda zombie

Levels and vault maps discovered:
Abyss:1:  hangedman_abyss_exit_choices

Action                   || total
-------------------------++-------
Melee: Falchion          ||     5
Armor: Leather armour    ||     3
Dodge: Dodged            ||    19
       Rpst.: Falchion   ||     6

Table legend:
 A = Non-vault XP
 B = Vault XP
 C = Vault XP percentage of total XP
 D = Non-vault monster count
 E = Vault monster count
 F = Vault count percentage of total count
                 A         B        C        D         E       F
            +---------+---------+-------+---------+---------+-------
      Total |      11 |       0 |   0.0 |       1 |       0 |   0.0
            +---------+---------+-------+---------+---------+-------
    Abyss:1 |      11 |       0 |   0.0 |       1 |       0 |   0.0
            +---------+---------+-------+---------+---------+-------
